 Dungeon Crawl Stone Soup version 0.19.0-11-g3fc08b3 (webtiles) character file.

537 emikaela the Shooter (level 7, -11/41 HPs)
             Began as a Deep Elf Hunter on Nov 9, 2016.
             Mangled by an ogre
             ... wielding a +0 giant club
              (25 damage)
             ... on level 5 of the Dungeon.
             The game lasted 00:14:27 (4102 turns).

emikaela the Shooter (Deep Elf Hunter)              Turns: 4102, Time: 00:14:28

Health: -11/41     AC:  5    Str:  8 (9)  XL:     7   Next: 5%
Magic:  11/11      EV: 12    Int: 14 (16) God:
Gold:   139        SH:  0    Dex: 14 (17) Spells: 2 memorised, 5 levels left

rFire  + . .     SeeInvis .     a - +1 shortbow
rCold  . . .     Gourm    .     q - +0 ring mail {rF+}
rNeg   . . .     Faith    .     (shield currently unavailable)
rPois  .         Spirit   .     (no helmet)
rElec  .         Reflect  .     (no cloak)
rCorr  .         Harm     .     (no gloves)
MR     .....                    (no boots)
Stlth  +.........               p - amulet of regeneration
                                (no ring)
                                y - ring of flight

@: about to teleport
A: no striking features
a: Evoke Flight


You were on level 5 of the Dungeon.
You were not hungry.

You visited 1 branch of the dungeon, and saw 5 of its levels.

You collected 139 gold pieces.

Inventory:

Hand Weapons
 a - a +1 shortbow (weapon)
 b - a +0 short sword of venom
 v - a +0 hunting sling
Missiles
 d - 55 arrows (quivered)
 h - 190 stones
 j - 6 needles of sleeping
 t - 2 javelins
Armour
 q - a +0 ring mail of fire resistance (worn)
 r - a +2 scale mail of magic resistance
Jewellery
 p - an amulet of regeneration (around neck)
 y - a ring of flight (left hand)
Scrolls
 g - 2 scrolls of remove curse
 i - a scroll of immolation {unknown}
 n - 2 scrolls of teleportation
 o - a scroll of enchant armour {unknown}
 s - a scroll of magic mapping {unknown}
 u - a scroll of recharging {unknown}
 x - a scroll of amnesia {unknown}
 A - a scroll of identify {unknown}
Books
 C - a book of Minor Magic
Comestibles
 f - 4 bread rations
 l - a slice of pizza
 m - 3 beef jerkies
 z - 2 royal jellies


   Skills:
 - Level 3.6 Fighting
 - Level 5.5 Bows
 - Level 2.1 Armour
 - Level 4.7 Dodging
 - Level 1.2 Stealth
 + Level 1.3 Spellcasting
 * Level 2.4 Conjurations


You had 5 spell levels left.
You knew the following spells:

 Your Spells              Type           Power        Failure   Level  Hunger
a - Magic Dart            Conj           #...         30%         1    ##.....
m - Repel Missiles        Chrm/Air       #.....       95%         2    ###....


Dungeon Overview and Level Annotations

Branches:
Dungeon (5/15)
 Temple: D:4-7

Altars:

Annotations:
D:4 Eustachio
D:5 Dowan, Pikel


Message History

You kill the jackal!
The centaur shoots an arrow.
The arrow hits you.
Firing (i - inventory. (,) - cycle):
d - 55 arrows (quivered)
Press: ? - help, Shift-Dir - straight line, f - centaur, p - ogre
Aim: a centaur, wielding a shortbow
Okay, then.
It was a potion of magic.
Magic courses through your body. The ogre hits you with a giant club!
The centaur shouts!
It was a potion of degeneration.
There was something very wrong with that liquid.
You feel weakened.
You feel dopey.
You feel clumsy.
You hear a shout!
The ogre hits you with a giant club!
* * * LOW HITPOINT WARNING * * *
It was a potion of curing.
You feel better. The ogre barely misses you.
As you read the scroll of teleportation, it crumbles to dust.
You feel strangely unstable. The ogre hits you with a giant club!!
Ouch! That really hurt!
You die...

##
##################..#
#......<#............
#.......#.......((.(.
#.......#....((...!..
#.......#.(..........
#.......#O##########c
........#(..........
......†@#(c....c..(.
....#+#O#.........).
....#.#cc...#+#####.
... #.#.#.### ..
#...#.# #.....#
#.....# #
#.....###.###
#...........#


You could see an ogre and 2 centaurs.

Vanquished Creatures
  An ice beast (D:5)
  A howler monkey (D:4)
  A crimson imp (D:2)
  2 hounds
  2 orc wizards (D:4)
  An iguana (D:4)
  3 worker ants
  6 adders
  An ooze (D:3)
  An adder skeleton (D:4)
  2 worms
  2 dart slugs (D:1)
  3 leopard geckos
  4 orcs
  5 giant cockroaches
  7 goblins
  9 hobgoblins
  10 jackals
  A quokka (D:2)
  6 ball pythons
  10 bats
  6 frilled lizards
  6 kobolds
  5 rats
95 creatures vanquished.

Notes
Turn   | Place    | Note
-------+----------+-------------------------------------------
     0 | D:1      | emikaela the Deep Elf Hunter began the quest for the Orb.
     0 | D:1      | Reached XP level 1. HP: 12/12 MP: 3/3
    95 | D:1      | Reached XP level 2. HP: 17/17 MP: 4/4
   764 | D:1      | Reached XP level 3. HP: 18/22 MP: 5/5
  2243 | D:2      | Reached XP level 4. HP: 27/27 MP: 6/6
  2524 | D:3      | Reached skill level 1 in Armour
  2598 | D:3      | Reached skill level 5 in Bows
  2670 | D:3      | Reached XP level 5. HP: 32/32 MP: 7/7
  3313 | D:4      | Reached XP level 6. HP: 26/37 MP: 8/8
  3885 | D:4      | Learned a level 1 spell: Magic Dart
  3888 | D:4      | Learned a level 2 spell: Repel Missiles
  3889 | D:4      | Noticed Eustachio
  3945 | D:5      | Entered Level 5 of the Dungeon
  3945 | D:5      | Noticed Pikel
  3945 | D:5      | Noticed a slave
  3945 | D:5      | Noticed a slave
  3947 | D:5      | Noticed Dowan
  3947 | D:5      | Noticed a slave
  3986 | D:5      | Reached skill level 1 in Conjurations
  4000 | D:5      | Noticed an ice beast
  4012 | D:5      | Killed an ice beast
  4012 | D:5      | Reached skill level 1 in Spellcasting
  4012 | D:5      | Reached XP level 7. HP: 32/41 MP: 8/11
  4102 | D:5      | Mangled by an ogre

Skill      XL: |  1  2  3  4  5  6 |
---------------+-------------------+-----
Fighting       | 2 3 |  3.6
Dodging        | 3 4 |  4.7
Armour         | 1 2 |  2.1
Bows           | 5 |  5.5
Conjurations   | 2 |  2.4
Spellcasting   | 1 |  1.3
Stealth        | |  1.2

Action                   |  1- 3 |  4- 6 |  7- 9 || total
-------------------------+-------+-------+-------++-------
Melee: Short sword       |    90 |    69 |       ||   159
 Fire: Shortbow          |    79 |   142 |    10 ||   231
  Use: Scroll            |       |     2 |     1 ||     3
       Potion            |       |       |     3 ||     3
 Stab: Sleeping          |     3 |     1 |       ||     4
  Eat: Chunk             |     4 |     6 |       ||    10
Armor: Leather armour    |    30 |       |       ||    30
       Ring mail         |     3 |    49 |     3 ||    55
Dodge: Dodged            |    87 |    95 |    10 ||   192
